Map: Emerald City LE

Players

Massa - Winner!

  • Race: Terran Terran
  • League: Platinum
  • Spawn Location: 5:00

qqq - Winner!

  • Race: Zerg Zerg
  • Spawn Location: 5:00

plar

  • Race: Zerg Zerg
  • League: Platinum
  • Spawn Location: 11:00

evileric

  • Race: Protoss Protoss
  • Spawn Location: 11:00

VOD

Have the link to the VOD?

Description

Time

  • Played on: March 28, 2021, 1:17 p.m.
  • Length: 19:01
Show
View Real Time Build Order
Export as new Build Order

Massa Terran - Winner!

Build Orders:  

Get SALT Encoding   

  12  0:01  SCV  
  13  0:13  SCV  
  14  0:24  Supply Depot  
  14  0:25  SCV  
  15  0:34  Refinery  
  15  0:46  SCV  
  15  0:47  Barracks  
  16  0:58  SCV  
  17  1:10  SCV  
  18  1:22  SCV  
  19  1:34  SCV  
  20  1:47  Command Center  
  20  1:49  Orbital Command  
  20  2:00  Bunker  
  20  2:04  Reaper  
  21  2:19  Factory  
  21  2:20  Supply Depot  
  21  2:24  SCV  
  22  2:35  Marine  
  23  2:53  Marine  
  24  3:04  Factory Reactor  
  24  3:06  Orbital Command  
  24  3:10  SCV, Engineering Bay  
  25  3:22  SCV  
  26  3:27  Supply Depot x2  
  26  3:30  Barracks, Supply Depot  
  26  3:33  Barracks  
  26  3:37  Barracks Tech Lab  
  26  3:41  Hellion  
  28  3:45  Hellion  
  30  3:55  Marauder  
  32  3:57  Stimpack  
  32  4:04  Hellion  
  32  4:06  Hellion  
  36  4:21  SCV x2  
  36  4:22  Marine  
  39  4:24  Barracks Reactor  
  39  4:25  Hellion  
  39  4:27  Hellion  
  43  4:33  SCV  
  44  4:54  Marauder  
  44  4:57  Barracks Tech Lab  
  46  5:02  SCV x2  
  48  5:11  Refinery  
  48  5:14  SCV x2, Hellion x2  
  48  5:16  Marauder  
  48  5:20  Missile Turret  
  56  5:24  Missile Turret  
  56  5:26  SCV x2  
  58  5:36  Hellion x2, Concussive Shells  
  62  5:52  Marauder, Marine x3  
  67  6:10  Marine x3  
  70  6:20  Supply Depot  
  70  6:21  Supply Depot x3  
  70  6:25  Command Center  
  70  6:41  Marine  
  70  6:42  Widow Mine x2, Marauder  
  70  6:46  Supply Depot  
  75  6:57  Marine x2  
  75  7:00  Marauder  
  79  7:03  Widow Mine x2, Marine  
  84  7:12  SCV x2  
  84  7:14  Marine  
  84  7:15  Terran Infantry Weapons Level 1  
  87  7:16  Combat Shield  
  87  7:19  Marine  
  87  7:21  Marauder x2  
  92  7:24  SCV x2  
  92  7:28  Barracks  
  94  7:30  Barracks x2  
  94  7:31  Supply Depot  
  94  7:32  Marine, Supply Depot  
  94  7:33  Missile Turret  
  95  7:37  Marine  
  95  7:42  SCV  
  95  7:43  SCV  
  98  7:55  SCV x2  
  100  8:18  Widow Mine x2  
  104  8:21  Refinery  
  104  8:30  SCV x2  
  104  8:32  Marauder x2, Marine x2  
  112  8:35  Barracks Reactor x2, Barracks Tech Lab  
  112  8:42  SCV x2  
  114  8:50  Marine x2  
  114  8:54  Marauder  
  118  9:01  Planetary Fortress  
  118  9:03  SCV x2  
  118  9:08  Missile Turret  
  118  9:09  Terran Infantry Armor Level 1  
  120  9:11  Missile Turret  
  120  9:15  SCV x2  
  122  9:20  Armory  
  122  9:22  Refinery  
  122  9:26  Engineering Bay  
  122  9:40  Factory Tech Lab  
  122  9:47  Starport  
  116  10:21  Terran Infantry Weapons Level 2  
  102  10:50  Marauder x3, Marine x6  
  79  11:08  Marine  
  77  11:11  Marauder x2  
  77  11:12  Marauder, Marine  
  77  11:13  Marine x4  
  77  11:14  Medivac  
  77  11:18  Refinery x2  
  82  11:25  Marine  
  82  11:27  Terran Vehicle And Ship Armor Level 1, Command Center  
  82  11:30  Marine  
  82  11:31  Marine x4  
  90  11:32  Marauder x2  
  84  11:40  Command Center  
  84  11:52  Terran Infantry Armor Level 2  
  84  12:01  Marine x9  
  85  12:08  Supply Depot  
  93  12:09  Supply Depot  
  93  12:10  Supply Depot x2  
  93  12:12  Supply Depot  
  93  12:18  Marine  
  93  12:19  Marine x8  
  93  12:20  Medivac x2  
  107  12:22  SCV  
  107  12:23  SCV x2  
  109  12:32  Supply Depot  
  109  12:33  Supply Depot  
  109  12:34  SCV  
  109  12:35  SCV x2, Supply Depot  
  109  12:36  Supply Depot x2  
  112  12:42  Missile Turret  
  112  12:43  Missile Turret  
  112  12:45  Planetary Fortress  
  112  12:46  Missile Turret  
  112  12:47  SCV  
  112  12:50  Medivac x2  
  117  12:55  Missile Turret  
  107  12:58  Supply Depot x2  
  107  13:01  Supply Depot  
  92  14:00  Marauder x2  
  92  14:01  Marauder, Marine x6  
  92  14:02  Siege Tank  
  94  14:03  Medivac x2  
  98  14:18  Marine  
  98  14:22  Marauder x2  
  103  14:33  Medivac x2  
  103  14:34  Siege Tank  
  103  14:37  Marauder, Marine  
  103  14:38  Marine x3  
  116  14:40  Terran Infantry Weapons Level 3, Terran Infantry Armor Level 3  
  116  14:43  Marauder x2  
  116  14:44  SCV x4  
  124  14:48  Refinery  
  124  14:49  Refinery  
  124  14:56  SCV x2  
  124  14:58  Marauder  
  128  15:04  Marauder x2, Viking  
  128  15:06  Viking, Siege Tank  
  137  15:28  Refinery  
  137  15:31  Refinery  
  131  15:38  Siege Tank  
  122  15:56  Planetary Fortress  
  122  16:10  Siege Tank  
  125  16:42  Siege Tank  
  114  16:55  Marauder x3, Marine x6  
  122  17:13  Marine x6  
  122  17:15  Siege Tank  
  131  17:16  Marauder x3  
  131  17:17  Hi-Sec Auto Tracking  
  131  17:18  SCV x3  
  140  17:30  Marine  
  140  17:31  Marine x5  
  146  17:37  Marauder  
  146  17:38  Marauder x2  
  146  17:42  Medivac x2  
  156  17:47  Siege Tank  
  156  17:48  Marine  
  156  17:49  Marine x4  
  164  17:54  Command Center  
  164  17:57  Command Center  
  149  17:59  Marauder x3  
  122  18:09  Marine  
  122  18:10  Marine x5  
  122  18:12  Medivac x2  
  125  18:19  Siege Tank  
  130  18:20  Marauder  
  130  18:21  Marauder x2  
  136  18:27  Marine, Ghost Academy  
  136  18:28  Marine x5  
  136  18:30  Ghost Academy  
  142  18:41  Marine x2  
Show
View Real Time Build Order
Export as new Build Order

qqq Zerg - Winner!

Build Orders: Hatch First, Lurkers, Roach Hydra 

Get SALT Encoding   

  12  0:06  Drone  
  13  0:17  Drone  
  13  0:18  Overlord  
  14  0:46  Hatchery  
  13  1:05  Spawning Pool  
  12  1:17  Drone x3  
  15  1:21  Extractor  
  14  1:30  Drone  
  15  1:40  Drone  
  16  1:52  Zergling x2  
  16  1:53  Queen  
  20  2:01  Zergling x4  
  21  2:11  Queen  
  23  2:21  Zergling x2  
  24  2:23  Metabolic Boost  
  24  2:29  Drone  
  25  2:33  Zergling x2  
  26  2:38  Zergling x2  
  27  2:45  Drone  
  28  2:51  Overlord  
  28  3:00  Drone, Evolution Chamber  
  28  3:04  Overlord  
  28  3:10  Drone  
  29  3:15  Drone  
  29  3:16  Zergling x2  
  29  3:19  Drone  
  32  3:30  Drone, Zergling x4  
  29  3:44  Zerg Melee Weapons Level 1  
  29  3:45  Zergling x2  
  29  3:46  Baneling Nest  
  29  3:48  Zergling x2  
  29  3:51  Zergling x2  
  29  3:53  Zergling x2  
  32  3:57  Zergling x2  
  32  3:59  Zergling x2  
  34  4:03  Zergling x2  
  35  4:17  Zergling x2  
  35  4:18  Overlord  
  35  4:19  Overlord  
  36  4:30  Overlord  
  36  4:31  Overlord  
  33  4:50  Drone x2, Zergling x6  
  33  4:51  Drone  
  38  4:53  Baneling x3  
  38  4:57  Drone  
  38  4:59  Zergling x2  
  40  5:10  Drone  
  40  5:11  Roach Warren  
  40  5:13  Drone  
  41  5:16  Drone  
  41  5:17  Drone  
  41  5:21  Drone  
  44  5:40  Drone  
  44  5:41  Drone, Overlord  
  47  5:42  Drone  
  47  5:43  Zergling x4  
  47  5:44  Zergling x4  
  51  5:54  Extractor  
  50  5:58  Roach x4  
  50  6:02  Lair  
  58  6:13  Roach x4  
  58  6:15  Drone  
  67  6:29  Roach x3  
  67  6:30  Drone  
  74  6:48  Drone  
  74  6:49  Overlord x5  
  75  6:57  Zerg Ground Armor Level 1  
  75  7:16  Hydralisk Den  
  74  7:24  Drone  
  74  7:26  Drone  
  74  7:28  Hatchery, Drone  
  76  7:32  Drone  
  76  7:33  Drone  
  78  7:39  Hatchery  
  78  7:40  Glial Reconstitution  
  77  8:01  Hydralisk x3  
  83  8:19  Muscular Augments  
  83  8:24  Drone x8  
  83  8:25  Drone x5, Overlord x2  
  96  8:29  Extractor  
  95  8:37  Queen  
  95  8:40  Extractor  
  96  8:47  Hydralisk x3  
  102  8:51  Zerg Missile Weapons Level 1, Baneling  
  102  8:58  Overlord x3  
  102  9:03  Drone  
  102  9:07  Queen, Hydralisk  
  102  9:09  Hydralisk  
  109  9:14  Spore Crawler  
  108  9:17  Spore Crawler  
  108  9:18  Spore Crawler  
  108  9:22  Spore Crawler  
  108  9:23  Spine Crawler  
  104  9:25  Hydralisk  
  104  9:27  Hydralisk  
  104  9:28  Drone  
  109  9:31  Drone  
  109  9:32  Drone  
  111  9:41  Evolution Chamber  
  110  9:48  Grooved Spines  
  110  9:49  Drone  
  110  9:50  Drone x2  
  113  9:55  Hydralisk  
  113  9:57  Drone  
  113  9:58  Drone  
  115  10:32  Roach x2  
  115  10:33  Roach x8  
  115  10:34  Roach x2  
  122  10:45  Zerg Ground Armor Level 2  
  122  10:46  Roach x2  
  122  10:47  Roach x2  
  96  10:53  Hydralisk  
  94  10:58  Roach x3  
  94  11:01  Extractor  
  94  11:02  Extractor, Overseer  
  94  11:03  Pneumatized Carapace  
  98  11:12  Lurker Den  
  98  11:14  Zergling x8  
  101  11:27  Zergling x4  
  101  11:28  Drone x5, Zergling x2  
  109  11:40  Zerg Missile Weapons Level 2  
  109  11:41  Infestation Pit  
  109  11:43  Hydralisk x2  
  109  11:44  Zergling x8  
  116  11:49  Baneling x5  
  116  11:51  Hydralisk x2  
  116  11:53  Zergling x2  
  121  12:12  Drone x7, Spire  
  121  12:13  Drone x4  
  121  12:14  Overlord x2  
  131  12:17  Extractor  
  131  12:21  Drone x2  
  127  12:26  Lurker x3  
  127  12:27  Hydralisk x2  
  134  12:32  Extractor  
  133  12:43  Hive  
  133  12:48  Drone  
  133  12:49  Drone x8  
  133  12:51  Hydralisk  
  143  13:31  Overseer  
  143  13:32  Hydralisk, Lurker x2  
  143  13:33  Hydralisk x4, Lurker  
  156  13:34  Roach x4  
  156  13:35  Zergling x6, Roach x3  
  156  13:37  Corruptor  
  174  13:47  Overseer  
  170  14:11  Roach x2  
  170  14:12  Drone  
  175  14:29  Greater Spire  
  175  14:31  Overlord x8  
  175  14:32  Overlord x2  
  175  14:33  Zerg Missile Weapons Level 3  
  175  14:34  Zerg Ground Armor Level 3  
  175  14:37  Hatchery  
  174  14:38  Ultralisk Cavern  
  168  15:02  Corruptor x3  
  168  15:03  Corruptor x5  
  170  15:17  Corruptor  
  170  15:19  Roach x4  
  170  15:21  Zergling x6, Overlord x2  
  183  15:22  Overlord  
  183  15:24  Overseer x2  
  183  15:26  Spore Crawler  
  183  15:27  Spine Crawler  
  181  15:39  Corruptor x2  
  185  15:47  Brood Lord x2  
  189  15:50  Brood Lord  
  189  15:55  Overlord x3  
  189  15:56  Overlord  
  191  16:03  Brood Lord  
  193  16:06  Brood Lord  
  193  16:08  Drone  
  193  16:09  Drone x3  
  188  17:02  Brood Lord x3  
  188  17:03  Brood Lord  
  188  17:06  Corruptor x3, Roach x4  
  188  17:07  Zergling x6  
  188  17:08  Zergling x4  
  192  17:21  Corruptor x2  
  192  17:22  Corruptor x2  
  192  17:48  Ultralisk  
  192  17:49  Zergling x2  
  192  17:50  Zergling x4  
  195  18:29  Corruptor x2  
  168  18:44  Zergling x8  
Show
View Real Time Build Order
Export as new Build Order

plar Zerg 

Build Orders: Pool First, Lurkers 

Get SALT Encoding   

  12  0:00  Drone  
  13  0:13  Overlord  
  13  0:18  Drone  
  14  0:31  Drone x2  
  16  0:36  Drone  
  16  0:41  Extractor  
  16  0:48  Drone  
  17  0:51  Spawning Pool  
  16  0:57  Drone  
  17  1:19  Hatchery  
  16  1:38  Queen  
  18  1:45  Metabolic Boost  
  18  1:47  Zergling x2  
  18  1:48  Zergling x2  
  20  1:54  Overlord  
  20  2:13  Zergling x4  
  20  2:14  Queen  
  24  2:21  Zergling x2  
  25  2:32  Zergling x4  
  27  2:45  Zergling x4  
  28  2:54  Zergling x8  
  31  3:10  Zergling x4  
  33  3:14  Drone  
  34  3:22  Baneling Nest  
  34  3:23  Drone  
  34  3:24  Zergling x2  
  35  3:27  Zergling x2  
  35  3:45  Overlord  
  35  3:53  Overlord  
  35  3:55  Overlord  
  35  3:59  Lair  
  34  4:16  Baneling  
  34  4:17  Baneling  
  34  4:26  Zergling x2, Overlord  
  34  4:27  Drone x4, Zergling x2  
  34  4:28  Drone, Zergling x2  
  34  4:29  Zergling x2  
  39  4:43  Zergling x6  
  39  4:44  Zergling x2  
  36  4:57  Zergling x8  
  40  5:00  Drone  
  41  5:07  Extractor  
  41  5:10  Evolution Chamber  
  41  5:14  Hydralisk Den  
  38  5:28  Drone x5  
  43  5:42  Drone x3, Baneling  
  46  5:53  Hatchery  
  45  6:12  Overlord  
  45  6:13  Drone, Hydralisk, Zergling x4  
  45  6:15  Zergling x2  
  51  6:24  Baneling  
  51  6:25  Baneling  
  50  6:31  Hydralisk x2  
  54  6:34  Overlord  
  54  6:46  Hydralisk  
  54  6:50  Drone  
  54  6:51  Drone x5  
  60  7:02  Drone  
  61  7:09  Extractor, Grooved Spines  
  61  7:13  Extractor  
  59  7:24  Zerg Missile Weapons Level 1  
  59  7:36  Hatchery  
  58  7:54  Hydralisk x3  
  63  8:02  Queen  
  63  8:04  Drone x3, Zergling x4, Overlord  
  63  8:05  Drone x2, Zergling x4, Overlord  
  73  8:06  Drone  
  75  8:13  Drone, Evolution Chamber  
  75  8:14  Drone  
  75  8:15  Overlord  
  76  8:23  Overlord  
  76  8:29  Baneling  
  76  8:31  Drone, Zergling x4, Overlord  
  76  8:32  Drone  
  80  8:40  Zerg Ground Armor Level 1  
  80  8:52  Muscular Augments  
  80  9:02  Drone x2, Zergling x6  
  85  9:03  Drone x2, Zergling x8  
  85  9:08  Extractor  
  90  9:10  Extractor  
  90  9:11  Spine Crawler, Spore Crawler  
  90  9:14  Overlord  
  90  9:15  Drone x2, Zergling x2  
  90  9:18  Hydralisk  
  92  9:28  Infestation Pit  
  91  9:34  Lurker Den  
  91  9:35  Zerg Missile Weapons Level 2  
  90  9:44  Overseer  
  90  9:50  Queen  
  92  9:53  Hydralisk x2  
  92  9:54  Drone, Zergling x2  
  92  9:55  Drone x2  
  100  10:14  Drone x3  
  100  10:15  Drone x4, Zergling x2  
  106  10:32  Lurker x2  
  108  10:40  Hydralisk x2, Zergling x2  
  78  11:01  Hydralisk  
  78  11:02  Hydralisk x5, Zergling x12  
  78  11:03  Zergling x4  
  90  11:15  Drone x2  
  90  11:16  Drone x6  
  90  11:17  Drone  
  99  11:47  Hatchery  
  99  11:50  Hydralisk x4  
  99  11:51  Hydralisk  
  99  11:52  Lurker  
  99  11:53  Zergling x6  
  99  11:54  Zergling x6  
  115  11:56  Baneling  
  115  11:58  Baneling x4  
  115  11:59  Centrifical Hooks  
  115  12:02  Hive  
  115  12:04  Zerg Melee Weapons Level 1  
  114  12:42  Hydralisk x2, Zergling x2  
  114  12:43  Zergling x4  
  114  12:44  Overlord x4  
  118  13:27  Lurker  
  118  13:28  Lurker  
  83  14:18  Hydralisk, Spore Crawler  
  83  14:19  Hydralisk x8, Zergling x6  
  83  14:20  Hydralisk, Zergling x10  
  110  14:24  Zerg Ground Armor Level 2, Zerg Melee Weapons Level 2  
  110  14:27  Ultralisk Cavern  
  110  14:28  Seismic Spines  
  107  15:05  Baneling  
  107  15:06  Baneling x2  
  101  15:23  Extractor  
  101  15:25  Adaptive Talons  
  101  15:26  Extractor  
  91  15:48  Drone x3  
  94  15:52  Ultralisk x6  
  94  15:54  Overlord  
  94  15:56  Overlord  
  94  15:57  Overlord x2  
  130  16:21  Hatchery  
  130  16:23  Overseer  
  130  16:24  Pneumatized Carapace  
  100  17:01  Zergling x4, Ultralisk  
  100  17:02  Zergling x10  
  91  17:15  Hydralisk x5, Zergling x2  
  73  17:16  Zergling x6  
  71  17:25  Baneling x2  
  26  18:00  Ultralisk  
  26  18:01  Zergling x4  
  26  18:02  Zergling x6  
  24  18:34  Zergling x10  
  27  18:38  Drone  
Show
View Real Time Build Order
Export as new Build Order

evileric Protoss 

Build Orders:  

Get SALT Encoding   

  12  0:03  Probe  
  13  0:15  Probe  
  14  0:28  Probe  
  15  0:37  Pylon  
  15  0:55  Probe  
  15  0:56  Gateway  
  16  0:59  Gateway  
  16  1:07  Probe  
  16  1:08  Assimilator  
  17  1:20  Probe  
  18  1:30  Gateway  
  17  1:33  Probe  
  17  1:38  Pylon  
  18  1:42  Assimilator  
  18  1:45  Probe  
  19  1:53  Cybernetics Core  
  19  1:59  Zealot  
  21  2:06  Probe  
  22  2:18  Probe  
  23  2:25  Warp Gate (Chrono Boost)  
  23  2:30  Probe  
  23  2:35  Stalker  
  26  2:40  Gateway  
  26  2:47  Sentry  
  28  2:56  Stalker  
  28  2:58  Pylon  
  30  3:15  Stalker  
  32  3:20  Zealot  
  34  3:27  Pylon  
  34  4:00  Stalker x3  
  40  4:21  Stalker  
  42  4:24  Nexus  
  40  4:54  Probe  
  41  5:03  Stalker x2  
  41  5:06  Probe  
  46  5:07  Assimilator  
  46  5:12  Assimilator  
  46  5:18  Probe  
  47  5:23  Stargate  
  47  5:36  Probe  
  47  5:38  Forge  
  48  5:43  Pylon  
  48  5:47  Pylon  
  48  5:57  Twilight Council  
  48  6:04  Stalker  
  48  6:06  Zealot  
  52  6:13  Sentry x2  
  52  6:15  Probe  
  58  6:18  Probe  
  58  6:27  Probe  
  58  6:30  Probe  
  60  6:39  Probe  
  61  6:42  Probe  
  61  6:45  Charge (Chrono Boost)  
  62  6:47  Zealot x2  
  62  6:51  Probe  
  67  6:54  Probe  
  68  7:03  Probe  
  68  7:04  Zealot x2  
  68  7:07  Probe  
  74  7:16  Pylon  
  74  7:21  Stalker  
  74  7:22  Stalker  
  78  7:34  Phoenix, Pylon  
  78  7:35  Robotics Facility  
  80  8:07  Probe x2  
  82  8:19  Probe  
  83  8:20  Protoss Ground Weapons Level 1 (Chrono Boost)  
  83  8:23  Pylon  
  83  8:25  Pylon  
  83  8:26  Nexus, Robotics Bay  
  83  8:30  Pylon  
  83  8:41  Zealot  
  85  8:42  Zealot x2  
  89  8:55  Shield Battery  
  89  8:56  Shield Battery  
  89  8:57  Shield Battery  
  89  9:03  Photon Cannon  
  89  9:07  Photon Cannon  
  89  9:15  Colossus (Chrono Boost)  
  89  9:21  Extended Thermal Lance (Chrono Boost)  
  95  9:32  Zealot  
  95  9:33  Zealot  
  99  9:51  Probe x3  
  102  9:58  Forge  
  102  10:00  Observer  
  102  10:03  Probe x2  
  102  10:05  Photon Cannon  
  102  10:06  Protoss Ground Armor Level 1 (Chrono Boost)  
  105  10:13  Colossus  
  105  10:20  Probe x3  
  114  10:32  Probe x3  
  75  10:58  Stalker x3  
  75  10:59  Stalker  
  83  11:06  Colossus  
  89  11:13  Photon Cannon  
  89  11:16  Probe x3, Photon Cannon  
  92  11:21  Assimilator  
  92  11:25  Assimilator  
  92  11:28  Probe  
  91  11:37  Protoss Ground Weapons Level 2 (Chrono Boost)  
  89  11:40  Nexus  
  89  11:47  Pylon x2  
  89  11:59  Gateway  
  89  12:00  Colossus  
  95  12:02  Gateway, Dark Shrine, Protoss Ground Armor Level 2 (Chrono Boost)  
  95  12:16  Pylon  
  95  12:23  Gravitic Boosters (Chrono Boost), Photon Cannon  
  95  12:38  Robotics Facility  
  95  12:41  Robotics Facility  
  95  12:43  Probe x3, Photon Cannon  
  98  12:45  Pylon  
  98  12:47  Pylon  
  98  12:53  Colossus  
  98  12:55  Probe  
  105  13:06  Photon Cannon  
  105  13:07  Photon Cannon  
  105  13:08  Blink (Chrono Boost)  
  105  13:09  Shield Battery  
  105  13:12  Shield Battery, Void Ray  
  105  13:14  Pylon  
  109  13:24  Pylon  
  109  13:25  Probe x2  
  111  13:29  Assimilator  
  111  13:30  Immortal  
  111  13:31  Assimilator  
  111  13:32  Immortal  
  119  13:42  Stalker x4  
  119  13:44  Dark Templar x2  
  119  13:47  Observer  
  130  14:05  Protoss Ground Weapons Level 3 (Chrono Boost)  
  130  14:06  Stalker x4  
  138  14:18  Probe x2  
  138  14:23  Protoss Ground Armor Level 3 (Chrono Boost)  
  140  14:28  Shadow Stride (Chrono Boost)  
  140  14:40  Stalker x3  
  140  14:42  Dark Templar  
  148  14:47  Nexus, Void Ray  
  148  14:52  Pylon  
  148  14:54  Pylon, Stalker x2  
  148  14:56  Pylon  
  156  15:18  Dark Templar x6  
  168  15:22  Dark Templar  
  168  15:24  Dark Templar x4  
  166  15:33  Stalker  
  166  15:34  Colossus, Photon Cannon  
  174  15:37  Photon Cannon  
  174  15:40  Photon Cannon  
  174  15:43  Void Ray  
  178  16:07  Archon x3  
  178  16:08  Archon  
  178  16:11  Stalker x4  
  180  16:12  Immortal  
  190  16:20  Void Ray  
  183  16:44  Colossus (Chrono Boost)  
  183  16:45  Protoss Shields Level 1 (Chrono Boost)  
  191  16:49  Colossus (Chrono Boost)  
  191  16:51  Colossus (Chrono Boost)  
  192  16:55  Dark Templar, Assimilator  
  192  16:57  Zealot x3  
  192  16:58  Void Ray  
  192  16:59  Assimilator  
  160  17:13  Stalker  
  160  17:15  Stalker  
  156  17:28  Stalker  
  156  17:29  Stalker x3  
  164  17:35  Void Ray  
  168  17:46  Stalker x2  
  158  18:01  Immortal x2  
  150  18:09  Stalker x3  
  150  18:12  Void Ray  
  160  18:27  Observer  
Tags
 
Add a new tag
Caveats
  • Supply blocks, unpowered buildings, or Contaminate may cause inaccurate times.
  • Supply counts are checked every 10 seconds.